Workbook

Sheet Instructions - Assumptions
A1: Wilkes University
A2: Academic Business Plan
A3: Instructions/Assumptions Page
A5: General Instructions
A6: This spreadsheet should be completed and attached to the new proposal in Curriculog prior to launching the proposal. Marketing should be consulted for awareness and accurate costs associated with establishing the program. This spreadsheet is for illustration purposes only as APC considers the addition of the new program to the university portfolio. Actual budget considerations are dependent on the normal university processes surrounding funding of programs and faculty lines.
A8: Input Data
A9: Light Yellow is for all input data
A11: Revenue Section
A12: Input the number of new students for each fiscal year
A13: - Model assumes an 80% Retention Rate
A14: - Model assumes a conservative 57% Discount Rate for FT Undergraduate Tuition
A15: - Model assumes a 3% Increase in Tuition/Fees - unless otherwise noted
... A32: Budget must also be approved by Cabinet

Sheet P&L Undergraduate
A1: Wilkes University
A2: <DEPARTMENT OR DIVISION>
A3: <NAME OF PROPOSED PROGRAM>
A4: Undergraduate Academic Business Plan
C5: FY28 | D5: FY29 | E5: FY30 | F5: FY31 | G5: FY32
A6: Revenue
A7: Number of New Students or FTE's
A8: Number of Student's from prior year | C8: 0 | D8: =((C7+C8)*0.8) -> 0 | E8: =((D7+D8)*0.8) -> 0 | F8: =((E7+E8)*0.8) -> 0 | G8: =((F7+F8)*0.8) -> 0
A9: Total Number of Students | C9: =SUM(C7:C8) -> 0 | D9: =SUM(D7:D8) -> 0 | E9: =SUM(E7:E8) -> 0 | F9: =SUM(F7:F8) -> 0 | G9: =SUM(G7:G8) -> 0
A10: Tuition Gross | D10: =ROUND((C10*D11+C10),0) -> 0 | E10: =ROUND((D10*E11+D10),0) -> 0 | F10: =ROUND((E10*F11+E10),0) -> 0 | G10: =ROUND((F10*G11+F10),0) -> 0
A11: Tuition/Fee Increase | C11: 0.03 | D11: 0.03 | E11: 0.03 | F11: 0.03 | G11: 0.03
A12: University Fees | D12: =ROUND((C12*D11+C12),0) -> 0 | E12: =ROUND((D12*E11+D12),0) -> 0 | F12: =ROUND((E12*F11+E12),0) -> 0 | G12: =ROUND((F12*G11+F12),0) -> 0
A13: Discount of 57% | C13: =-(C10+C12)*0.57 -> 0 | D13: =-(D10+D12)*0.57 -> 0 | E13: =-(E10+E12)*0.57 -> 0 | F13: =-(F10+F12)*0.57 -> 0 | G13: =-(G10+G12)*0.57 -> 0
A14: Total Tuition Revenue | C14: =+(C9*(C10+C12)+(C9*C13)) -> 0 | D14: =+(D9*(D10+D12)+(D9*D13)) -> 0 | E14: =+(E9*(E10+E12)+(E9*E13)) -> 0 | F14: =+(F9*(F10+F12)+(F9*F13)) -> 0 | G14: =+(G9*(G10+G12)+(G9*G13)) -> 0
A16: Total Full Time Tuition Revenue | C16: =+C14 -> 0 | D16: =+D14 -> 0 | E16: =+E14 -> 0 | F16: =+F14 -> 0 | G16: =+G14 -> 0
A18: Expenses
A19: Other Operating Expenses | B19: Account | C19: FY26 | D19: FY27 | E19: FY28 | F19: FY29 | G19: FY31
A20: =VLOOKUP(B20,'Account Listing'!B:C,2,FALSE) -> Postage | B20: 793101
A21: =VLOOKUP(B21,'Account Listing'!B:C,2,FALSE) -> Advertising-Marketing | B21: 793104
A22: =VLOOKUP(B22,'Account Listing'!B:C,2,FALSE) -> Conference Fees/Training | B22: 742202
A23: =VLOOKUP(B23,'Account Listing'!B:C,2,FALSE) -> Office Supplies | B23: 791302
A24: =VLOOKUP(B24,'Account Listing'!B:C,2,FALSE) -> Travel - Student Trips | B24: 741107
A25: =VLOOKUP(B25,'Account Listing'!B:C,2,FALSE) -> Furniture and Equip < 3000 | B25: 791305
A26: =VLOOKUP(B26,'Account Listing'!B:C,2,FALSE) -> Uniforms and Apparel | B26: 791320
A27: =VLOOKUP(B27,'Account Listing'!B:C,2,FALSE) -> Equipment Repairs and Maint. | B27: 713426
A28: =VLOOKUP(B28,'Account Listing'!B:C,2,FALSE) -> Equipment Rental | B28: 734601
A29: =VLOOKUP(B29,'Account Listing'!B:C,2,FALSE) -> Offsite Educational Facilities Rent | B29: 734602
A30: =VLOOKUP(B30,'Account Listing'!B:C,2,FALSE) -> Other Food | B30: 743336
A31: =VLOOKUP(B31,'Account Listing'!B:C,2,FALSE) -> Other Expenses | B31: 799375
A32: Total Other Operating Expenses | C32: =SUM(C20:C31) -> 0 | D32: =SUM(D20:D31) -> 0 | E32: =SUM(E20:E31) -> 0 | F32: =SUM(F20:F31) -> 0 | G32: =SUM(G20:G31) -> 0
A34: Salary & Benefits | B34: Account | C34: FY26 | D34: FY27 | E34: FY28 | F34: FY29 | G34: FY31
A35: =VLOOKUP(B35,'Account Listing'!B:C,2,FALSE) -> Faculty Salaries - Full Time | B35: 611105
A36: =VLOOKUP(B36,'Account Listing'!B:C,2,FALSE) -> Adjunct - UG Fall | B36: 612130
A37: =VLOOKUP(B37,'Account Listing'!B:C,2,FALSE) -> Adjunct - UG Spring | B37: 612110
A38: =VLOOKUP(B38,'Account Listing'!B:C,2,FALSE) -> Staff and Administrative Salaries | B38: 621000
A39: =VLOOKUP(B39,'Account Listing'!B:C,2,FALSE) -> General Benefits | B39: 691000 | C39: =(C35*0.22)+(C38*0.09)+(C36*0.09)+(C37*0.09) -> 0 | D39: =(D35*0.22)+(D38*0.09)+(D36*0.09)+(D37*0.09) -> 0 | E39: =(E35*0.22)+(E38*0.09)+(E36*0.09)+(E37*0.09) -> 0 | F39: =(F35*0.22)+(F38*0.09)+(F36*0.09)+(F37*0.09) -> 0 | G39: =(G35*0.22)+(G38*0.09)+(G36*0.09)+(G37*0.09) -> 0
A40: Total Salary & Benefits | C40: =SUM(C35:C39) -> 0 | D40: =SUM(D35:D39) -> 0 | E40: =SUM(E35:E39) -> 0 | F40: =SUM(F35:F39) -> 0 | G40: =SUM(G35:G39) -> 0
A42: Total Operating Expenses | C42: =C40+C32 -> 0 | D42: =D40+D32 -> 0 | E42: =E40+E32 -> 0 | F42: =F40+F32 -> 0 | G42: =G40+G32 -> 0
A44: Profit/Loss | C44: =C16-C42 -> 0 | D44: =D16-D42 -> 0 | E44: =E16-E42 -> 0 | F44: =F16-F42 -> 0 | G44: =G16-G42 -> 0

Sheet P&L Graduate
A1: Wilkes University
A2: <DEPARTMENT OR DIVISION>
A3: <NAME OF PROPOSED PROGRAM>
A4: Graduate Academic Business Plan
C5: FY28 | D5: FY29 | E5: FY30 | F5: FY31 | G5: FY32
A6: Revenue
A7: Number of New Students
A8: Number of Student's from prior year | D8: =C7*0.8 -> 0 | E8: =((D7+D8)*0.8) -> 0 | F8: =((E7+E8)*0.8) -> 0 | G8: =((F7+F8)*0.8) -> 0
A9: Total Number of Students | C9: =SUM(C7:C8) -> 0 | D9: =SUM(D7:D8) -> 0 | E9: =SUM(E7:E8) -> 0 | F9: =SUM(F7:F8) -> 0 | G9: =SUM(G7:G8) -> 0
A10: Typical Number of Credit Hours taken/student/yr | F10: 6 | G10: 6
A11: Anticipated total credit hours produced/year | F11: =F10*F9 -> 0 | G11: =G10*G9 -> 0
A12: Per credit hour tuition charge | D12: =ROUND((C12*D13+C12),0) -> 0 | E12: =ROUND((D12*E13+D12),0) -> 0 | F12: =ROUND((E12*F13+E12),0) -> 0 | G12: =ROUND((F12*G13+F12),0) -> 0
A13: Tuition/Fee Increase | D13: 0.03 | E13: 0.03 | F13: 0.03 | G13: 0.03
A14: Total per credit hour required fees | D14: =ROUND((C14*D13+C14),0) -> 0 | E14: =ROUND((D14*E13+D14),0) -> 0 | F14: =ROUND((E14*F13+E14),0) -> 0 | G14: =ROUND((F14*G13+F14),0) -> 0
A15: Total Tuition Revenue | C15: =(C11*C12)+(C11*C14) -> 0 | D15: =(D11*D12)+(D11*D14) -> 0 | E15: =(E11*E12)+(E11*E14) -> 0 | F15: =(F11*F12)+(F11*F14) -> 0 | G15: =(G11*G12)+(G11*G14) -> 0
A17: Total Full Time Tuition Revenue | C17: =+C15 -> 0 | D17: =+D15 -> 0 | E17: =+E15 -> 0 | F17: =+F15 -> 0 | G17: =+G15 -> 0
A19: Expenses
A20: Other Operating Expenses | B20: Account | C20: FY28 | D20: FY29 | E20: FY30 | F20: FY31 | G20: FY32
A21: =VLOOKUP(B21,'Account Listing'!B:C,2,FALSE) -> Postage | B21: 793101
A22: =VLOOKUP(B22,'Account Listing'!B:C,2,FALSE) -> Advertising-Marketing | B22: 793104
A23: =VLOOKUP(B23,'Account Listing'!B:C,2,FALSE) -> Conference Fees/Training | B23: 742202
A24: =VLOOKUP(B24,'Account Listing'!B:C,2,FALSE) -> Office Supplies | B24: 791302
A25: =VLOOKUP(B25,'Account Listing'!B:C,2,FALSE) -> Travel - Student Trips | B25: 741107
A26: =VLOOKUP(B26,'Account Listing'!B:C,2,FALSE) -> Furniture and Equip < 3000 | B26: 791305
A27: =VLOOKUP(B27,'Account Listing'!B:C,2,FALSE) -> Uniforms and Apparel | B27: 791320
A28: =VLOOKUP(B28,'Account Listing'!B:C,2,FALSE) -> Equipment Repairs and Maint. | B28: 713426
A29: =VLOOKUP(B29,'Account Listing'!B:C,2,FALSE) -> Equipment Rental | B29: 734601
A30: =VLOOKUP(B30,'Account Listing'!B:C,2,FALSE) -> Offsite Educational Facilities Rent | B30: 734602
A31: =VLOOKUP(B31,'Account Listing'!B:C,2,FALSE) -> Other Food | B31: 743336
A32: =VLOOKUP(B32,'Account Listing'!B:C,2,FALSE) -> Other Expenses | B32: 799375
A33: Total Other Operating Expenses | C33: =SUM(C21:C32) -> 0 | D33: =SUM(D21:D32) -> 0 | E33: =SUM(E21:E32) -> 0 | F33: =SUM(F21:F32) -> 0 | G33: =SUM(G21:G32) -> 0
A35: Salary & Benefits | B35: Account | C35: FY28 | D35: FY29 | E35: FY30 | F35: FY31 | G35: FY32
A36: =VLOOKUP(B36,'Account Listing'!B:C,2,FALSE) -> Faculty Salaries - Full Time | B36: 611105
A37: =VLOOKUP(B37,'Account Listing'!B:C,2,FALSE) -> Adjunct - Grad. Fall | B37: 613130
A38: =VLOOKUP(B38,'Account Listing'!B:C,2,FALSE) -> Adjunct - Grad. Spring | B38: 613110
A39: =VLOOKUP(B39,'Account Listing'!B:C,2,FALSE) -> Staff and Administrative Salaries | B39: 621000
A40: =VLOOKUP(B40,'Account Listing'!B:C,2,FALSE) -> General Benefits | B40: 691000 | C40: =(C36*0.22)+(C39*0.09)+(C37*0.09)+(C38*0.09) -> 0 | D40: =(D36*0.22)+(D39*0.09)+(D37*0.09)+(D38*0.09) -> 0 | E40: =(E36*0.22)+(E39*0.09)+(E37*0.09)+(E38*0.09) -> 0 | F40: =(F36*0.22)+(F39*0.09)+(F37*0.09)+(F38*0.09) -> 0 | G40: =(G36*0.22)+(G39*0.09)+(G37*0.09)+(G38*0.09) -> 0
A41: Total Salary & Benefits | C41: =SUM(C36:C40) -> 0 | D41: =SUM(D36:D40) -> 0 | E41: =SUM(E36:E40) -> 0 | F41: =SUM(F36:F40) -> 0 | G41: =SUM(G36:G40) -> 0
A43: Total Operating Expenses | C43: =C41+C33 -> 0 | D43: =D41+D33 -> 0 | E43: =E41+E33 -> 0 | F43: =F41+F33 -> 0 | G43: =G41+G33 -> 0
A45: Profit/Loss | C45: =C17-C43 -> 0 | D45: =D17-D43 -> 0 | E45: =E17-E43 -> 0 | F45: =F17-F43 -> 0 | G45: =G17-G43 -> 0

Sheet Account Listing
B1: FGRACTH | C1: Wilkes University | G1: RUN DATE: 07/15/2013
B2: W | C2: Account Hierarchy Report | G2: TIME: 10:07 AM
C3: AS OF 14-JUL-2013 | G3: PAGE: 1
D5: DATA | F5: POOL ********* | G5: DATES *********
B6: ACCOUNT | C6: DESCRIPTION | D6: ENTRY | E6: STATUS | F6: ACCT EFF | G6: TERM NEXT CHANGE
B7: 5110 | C7: Undergraduate Tuition | D7: N | E7: A | F7: 18415 | G7: 73050
B8: 511000 | C8: Undergraduate Tuition | D8: N | E8: A | F8: 18415 | G8: 73050
B9: 511010 | C9: FT UG Tuition Spring | D9: Y | E9: A | F9: 18415 | G9: 73050
B10: 511020 | C10: FT UG Tuition Summer | D10: Y | E10: A | F10: 44073 | G10: 73050
B11: 511030 | C11: FT UG Tuition Fall | D11: Y | E11: A | F11: 18415 | G11: 73050
B12: 511505 | C12: PT UG Tuition Intercession | D12: Y | E12: A | F12: 18415 | G12: 73050
B13: 511510 | C13: PT UG Tuition Spring | D13: Y | E13: A | F13: 18415 | G13: 73050
B14: 511520 | C14: PT UG Tuition Summer | D14: Y | E14: A | F14: 18415 | G14: 73050
B15: 511530 | C15: PT UG Tuition Fall | D15: Y | E15: A | F15: 18415 | G15: 73050
B16: 511601 | C16: Young Scholars Tuition Revenue | D16: Y | E16: A | F16: 18415 | G16: 73050
B17: 511602 | C17: ABBA Tuition Revenue | D17: Y | E17: A | F17: 18415 | G17: 73050
B18: 511997 | C18: HC - UG Nursing | D18: Y | E18: A | F18: 18415 | G18: 73050
... B123: 528999 | C123: Tuition Contingency | D123: Y | E123: A | F123: 18415 | G123: 73050
B124: 5C | C124: Federal Grants and Contracts | F124: 18415 | G124: 73050
B125: 5310 | C125: Federal Grants and Contracts | D125: N | E125: A | F125: 18415 | G125: 73050
B126: 531000 | C126: Federal Grants and Contracts | D126: N | E126: A | F126: 18415 | G126: 73050
B127: 531101 | C127: Fed Grant/Contract Rev-Operating | D127: Y | E127: A | F127: 18415 | G127: 73050
B128: 531102 | C128: FSEOG Grant | D128: Y | E128: A | F128: 18415 | G128: 73050
B129: 531103 | C129: FCWS Grant | D129: Y | E129: A | F129: 18415 | G129: 73050
B130: 531501 | C130: Federal Overhead Revenue | D130: Y | E130: A | F130: 18415 | G130: 73050
B131: 531999 | C131: SHINE Unassigned Grant Revenue | D131: Y | E131: A | F131: 18415 | G131: 73050
B132: 5330 | C132: State Grants and Contracts | D132: N | E132: A | F132: 18415 | G132: 73050
B133: 533000 | C133: State Grants and Contracts | D133: N | E133: A | F133: 18415 | G133: 73050
B134: 533107 | C134: State Grant/Contract Rev-Operating | D134: Y | E134: A | F134: 18415 | G134: 73050
B135: 533108 | C135: PA IAG Grant | D135: Y | E135: A | F135: 18415 | G135: 73050
B136: 533507 | C136: State Overhead Revenue | D136: Y | E136: A | F136: 18415 | G136: 73050
B137: 533508 | C137: State Workstudy Recovery | D137: 0 | E137: A | F137: 18415 | G137: 73050
B138: 5D | C138: Private Grants and Contracts | F138: 18415 | G138: 73050
B139: 5350 | C139: Private Grants and Contracts | D139: N | E139: A | F139: 18415 | G139: 73050
B140: 535000 | C140: Private Grants and Contracts | D140: N | E140: A | F140: 18415 | G140: 73050
B141: 535109 | C141: Private Grant Revenue - Operating | D141: Y | E141: A | F141: 18415 | G141: 73050
B142: 535509 | C142: Private Overhead Revenue | D142: Y | E142: A | F142: 18415 | G142: 73050
B143: 535809 | C143: Private Contract Revenue | D143: Y | E143: A | F143: 18415 | G143: 73050
B144: 5F | C144: Private Gifts - Operating | F144: 18415 | G144: 73050
B145: 5410 | C145: Private Gifts - Operating | D145: N | E145: A | F145: 18415 | G145: 73050
B146: 541000 | C146: Private Gifts - Operating | D146: N | E146: A | F146: 18415 | G146: 73050
B147: 541115 | C147: Kirby Endowment Gift | D147: Y | E147: A | F147: 18415 | G147: 73050
B148: 541116 | C148: Gift Income - Operating | D148: Y | E148: A | F148: 18415 | G148: 73050
B149: 541117 | C149: Gift in Kind - Operating | D149: Y | E149: A | F149: 18415 | G149: 73050
B150: 541118 | C150: Gift Income - UR Pledges | D150: Y | E150: A | F150: 43983 | G150: 73050
B151: 541901 | C151: Gifts-NPV and Allow Adj | D151: Y | E151: A | F151: 18415 | G151: 73050
B152: 5H | C152: Auxiliary Enterprises | F152: 18415 | G152: 73050
B153: 5510 | C153: Meals and Housing Revenue | D153: N | E153: A | F153: 18415 | G153: 73050
B154: 551000 | C154: Housing Revenue | D154: N | E154: A | F154: 18415 | G154: 73050
B155: 551001 | C155: Residence Hall Revenue | D155: Y | E155: A | F155: 18415 | G155: 73050
B156: 551501 | C156: Wilkes Room Grant | D156: Y | E156: A | F156: 18415 | G156: 73050
B157: 551511 | C157: Tuition Exchange - Room | D157: Y | E157: A | F157: 18415 | G157: 73050
B158: 551521 | C158: ROTC Residence Hall Remission | D158: Y | E158: A | F158: 18415 | G158: 73050
B159: 552000 | C159: Meal Plan Revenue | D159: N | E159: A | F159: 18415 | G159: 73050
B160: 552002 | C160: Meal Plan Revenue | D160: Y | E160: A | F160: 18415 | G160: 73050
B161: 5530 | C161: Parking Revenue | D161: N | E161: A | F161: 18415 | G161: 73050
B162: 553000 | C162: Parking Revenue | D162: N | E162: A | F162: 18415 | G162: 73050
B163: 553031 | C163: Student Parking Revenue | D163: Y | E163: A | F163: 18415 | G163: 73050
B164: 553032 | C164: Staff Parking Revenue | D164: Y | E164: A | F164: 18415 | G164: 73050
... B176: 559021 | C176: Other Auxiliary Discounts | D176: Y | E176: A | F176: 18415 | G176: 73050
B177: 5K | C177: Operating Interest/Dividend Income | F177: 18415 | G177: 73050
B178: 5610 | C178: Operating Interest/Dividend Income | D178: N | E178: A | F178: 18415 | G178: 73050
B179: 561000 | C179: Operating Interest/Dividend Income | D179: N | E179: A | F179: 18415 | G179: 73050
B180: 561011 | C180: Dividend Income - Operating | D180: Y | E180: A | F180: 18415 | G180: 73050
B181: 561012 | C181: Interest Income - Operating | D181: Y | E181: A | F181: 18415 | G181: 73050
B182: 561014 | C182: Student Loan Interest | D182: Y | E182: A | F182: 18415 | G182: 73050
B183: 561015 | C183: Change in advances from federal gov | D183: Y | E183: A | F183: 18415 | G183: 73050
B184: 561017 | C184: Income from Trusts | D184: Y | E184: A | F184: 18415 | G184: 73050
B185: 561018 | C185: Funding from Trusts | D185: Y | E185: A | F185: 18415 | G185: 73050
B186: 561035 | C186: Investment Fees - Operating | D186: Y | E186: A | F186: 18415 | G186: 73050
B187: 5N | C187: Other Revenue | F187: 18415 | G187: 73050
B188: 5810 | C188: Athletics Revenue | D188: N | E188: A | F188: 18415 | G188: 73050
B189: 581000 | C189: Athletics Revenue | D189: N | E189: A | F189: 18415 | G189: 73050
B190: 581722 | C190: Sports Camp Revenue | D190: Y | E190: A | F190: 18415 | G190: 73050
B191: 581725 | C191: Team Program Revenue | D191: Y | E191: A | F191: 18415 | G191: 73050
B192: 5820 | C192: Events Revenue | D192: N | E192: A | F192: 18415 | G192: 73050
B193: 582000 | C193: Events Revenue | D193: N | E193: A | F193: 18415 | G193: 73050
B194: 582031 | C194: Theater Revenue | D194: Y | E194: A | F194: 18415 | G194: 73050
B195: 582032 | C195: Camp Revenue | D195: Y | E195: A | F195: 18415 | G195: 73050
B196: 582039 | C196: Alumni Homecoming Income | D196: Y | E196: A | F196: 18415 | G196: 73050
B197: 582040 | C197: Fundraising Revenue | D197: Y | E197: A | F197: 18415 | G197: 73050
B198: 582041 | C198: Other Event Revenue | D198: Y | E198: A | F198: 18415 | G198: 73050
B199: 5830 | C199: Other Revenue | D199: N | E199: A | F199: 18415 | G199: 73050
... B209: 583760 | C209: Income from Services | D209: Y | E209: A | F209: 18415 | G209: 73050
B210: 5P | C210: Endow Income Desg for Current Op | F210: 18415 | G210: 73050
B211: 5910 | C211: Endow Income Desg for Current Op | D211: N | E211: A | F211: 18415 | G211: 73050
B212: 591000 | C212: Endow Income Desg for Current Op | D212: N | E212: A | F212: 18415 | G212: 73050
B213: 591001 | C213: Endow Income Desg for Current Op | D213: Y | E213: A | F213: 18415 | G213: 73050
B214: 592000 | C214: Transfers to Spendable Funds | D214: N | E214: A | F214: 18415 | G214: 73050
B215: 592161 | C215: Funding for Endow. UR Fd | D215: Y | E215: A | F215: 18415 | G215: 73050
B216: 592162 | C216: Funding for Endow. Restricted Fd | D216: Y | E216: A | F216: 18415 | G216: 73050
B217: 592163 | C217: Funding for Endowed Scholarships | D217: Y | E217: A | F217: 18415 | G217: 73050
B218: 5T | C218: Release from Restrictions | F218: 18415 | G218: 73050
B219: 5930 | C219: Release from Restrictions | D219: N | E219: A | F219: 18415 | G219: 73050
B220: 593000 | C220: Release from Restrictions | D220: N | E220: A | F220: 18415 | G220: 73050
B221: 593160 | C221: Operating Release from Restrictions | D221: Y | E221: A | F221: 18415 | G221: 73050
B222: 6100 | C222: Faculty Salaries | D222: N | E222: A | F222: 18415 | G222: 73050
B223: 611000 | C223: Full Time Instruction Salaries | D223: N | E223: A | F223: 18415 | G223: 73050
B224: 611105 | C224: Faculty Salaries - Full Time | D224: Y | E224: A | F224: 18415 | G224: 73050
B225: 611106 | C225: Instructor Salaries | D225: Y | E225: A | F225: 18415 | G225: 73050
...
